 Dungeon Crawl Stone Soup version 0.17-a0-2030-g9ce824c (webtiles) character file.

124 Leibowitz the Covered (level 5, 31/41 HPs)
             Began as a Hill Orc Fighter on Oct 11, 2015.
             Quit the game on level 3 of the Dungeon.
             The game lasted 00:07:19 (2375 turns).

Leibowitz the Covered (Hill Orc Fighter)            Turns: 2375, Time: 00:07:19

Health: 31/41      AC:  8    Str: 20      XL:     5   Next: 8%
Magic:  5/5        EV:  7    Int:  8      God:
Gold:   169        SH:  9    Dex:  9 (10) Spells: 0 memorised, 4 levels left

rFire  + . .     SeeInvis .     a - +0 war axe
rCold  . . .     Clarity  .     b - +0 scale mail
rNeg   . . .     SustAt   .     c - +0 shield
rPois  .         Gourm    .     x - +0 helmet
rElec  .         Spirit   .     (no cloak)
rCorr  .         Warding  .     r - -2 pair of gloves (curse)
rMut   .         Stasis   .     h - +0 pair of boots
MR     .....                    q - amulet of inaccuracy (curse)
Stlth  ..........               (no ring)
                                o - ring of protection from fire

@: not resistant to hostile enchantments, extremely unstealthy
A: frail 1, no device heal 1
a: no special abilities


You were on level 3 of the Dungeon.
You were hungry.

You visited 1 branch of the dungeon, and saw 3 of its levels.

You collected 169 gold pieces.

Inventory:

Hand Weapons
 a - a +0 war axe (weapon)
Missiles
 g - 42 poisoned needles
 p - a poisoned tomahawk (quivered)
Armour
 b - a +0 scale mail (worn)
 c - a +0 shield (worn)
 h - a +0 pair of boots (worn)
 r - a cursed -2 pair of gloves (worn)
 x - a +0 helmet (worn)
Jewellery
 o - a ring of protection from fire (left hand)
 q - a cursed amulet of inaccuracy (around neck)
Scrolls
 j - 2 scrolls of teleportation
 k - a scroll of recharging
 w - 2 scrolls of identify
Potions
 d - 2 potions of might
 f - 2 potions of agility
 l - a potion of haste
 n - a potion of degeneration
Comestibles
 e - 3 bread rations
 s - a meat ration
 v - a chunk of flesh


   Skills:
 + Level 4.1 Fighting
 + Level 3.6 Axes
 + Level 0.1 Throwing
 + Level 4.3 Armour
 + Level 1.0 Dodging
 + Level 0.1 Stealth
 + Level 4.1 Shields


You had 4 spell levels left.
You didn't know any spells.

Dungeon Overview and Level Annotations

Branches:
Dungeon (3/15)

Altars:
Gozag


Innate Abilities, Weirdness & Mutations

You are frail (-10% HP).
Potions and wands are less effective at restoring your health.


Message History

The giant cockroach bites you but does no damage.
You are feeling hungry.
You barely miss the giant cockroach.
The giant cockroach is almost dead.
You block the giant cockroach's attack.
You barely miss the giant cockroach.
The giant cockroach is almost dead.
The giant cockroach bites you but does no damage.
The giant cockroach barely misses you.
You miss the giant cockroach.
The giant cockroach is almost dead.
The giant cockroach bites you but does no damage.
The giant cockroach barely misses you.
You hit the giant cockroach.
You kill the giant cockroach!
Found an escape hatch in the floor.
Your magical contamination has completely faded away.
Read which item? (? for menu, Esc to quit)
Okay, then.
Are you sure you want to abandon this character and quit the game? (Confirm with "yes".)

#.# #..# #.# #.>#
#.# #..# #.# #..#
#.# #..## #.# #...
#.#######.########
#@...............#
#########.#####.#.
#......###
#######.#. ##..
###


There were no monsters in sight!

Vanquished Creatures
  A gnoll (D:1)
  7 adders
  A worm (D:2)
  7 bats
  5 hobgoblins
  3 jackals (D:3)
  2 quokkas (D:3)
  4 giant cockroaches
  2 giant newts (D:1)
  11 goblins
  5 kobolds
  9 rats
57 creatures vanquished.

Notes
Turn   | Place    | Note
--------------------------------------------------------------
     0 | D:1      | Leibowitz the Hill Orc Fighter began the quest for the Orb.
     0 | D:1      | Reached XP level 1. HP: 19/19 MP: 1/1
   222 | D:1      | Reached XP level 2. HP: 20/27 MP: 2/2
   566 | D:1      | Reached XP level 3. HP: 33/33 MP: 3/3
   843 | D:2      | Reached skill level 4 in Fighting
  1043 | D:2      | Reached XP level 4. HP: 33/40 MP: 4/4
  1621 | D:2      | Found an opulent altar of Gozag.
  2281 | D:3      | Reached skill level 1 in Dodging
  2281 | D:3      | Reached XP level 5. HP: 9/46 MP: 5/5
  2285 | D:3      | Gained mutation: Potions and wands are less effective at restoring your health. [potion of mutation]
  2285 | D:3      | Gained mutation: You are frail (-10% HP). [potion of mutation]
  2375 | D:3      | Quit the game

Vault maps used:
D:1:      dpeg_arrival_renting
D:2:      lemuel_round_altar, first_bread, minmay_crystal_water,
          hangedman_abyss_or_decor_stabs
D:3:      minmay_misc_feat_columns

Action                   |  1- 3 |  4- 6 || total
-------------------------+-------+-------++-------
Melee: War axe           |    74 |   193 ||   267
Throw: Tomahawk          |       |     3 ||     3
  Use: Scroll            |       |     5 ||     5
       Potion            |       |     6 ||     6
  Eat: Chunk             |       |     5 ||     5
